 Dungeon Crawl Stone Soup version 0.19.1 (webtiles) character file.

323 ChaseSP the Chopper (level 6, 0/47 HPs)
             Began as a Formicid Fighter on Dec 2, 2016.
             Slain by Eustachio
             ... wielding a +0 rapier of electrocution
              (9 damage)
             ... on level 5 of the Dungeon.
             The game lasted 00:04:06 (2789 turns).

ChaseSP the Chopper (Formicid Fighter)              Turns: 2789, Time: 00:04:07

Health: 0/47       AC: 11    Str: 25      XL:     6   Next: 77%
Magic:  6/6        EV:  6    Int:  8      God:
Gold:   210        SH:  9    Dex:  9 (12) Spells: 0 memorised, 5 levels left

rFire  . . .     SeeInvis +     a - +0 war axe
rCold  + . .     Gourm    .     y - +0 chain mail
rNeg   . . .     Faith    .     c - +0 shield
rPois  .         Spirit   .     (helmet unavailable)
rElec  .         Reflect  .     (no cloak)
rCorr  .         Harm     .     A - +0 pair of gloves
MR     .....                    u - +0 pair of boots
Stlth  ..........               (no amulet)
                                (no ring)
                                k - ring of protection from cold

@: mighty
A: permanent stasis, dig shafts and tunnels, four strong arms, antennae 3
a: Dig, Shaft Self


You were on level 5 of the Dungeon.
You were hungry.

You visited 1 branch of the dungeon, and saw 5 of its levels.

You collected 210 gold pieces.

Inventory:

Hand Weapons
 a - a +0 war axe (weapon)
Armour
 b - a +0 scale mail
 c - a +0 shield (worn)
 u - a +0 pair of boots (worn)
 y - a +0 chain mail (worn)
 A - a +0 pair of gloves (worn)
Jewellery
 k - a ring of protection from cold (left hand)
 B - a +2 ring of evasion {unknown}
Scrolls
 g - a scroll of immolation {unknown}
 l - a scroll of remove curse {unknown}
 m - 7 scrolls of identify {unknown}
 o - 2 scrolls of teleportation {unknown}
 w - a scroll of amnesia {unknown}
 x - a scroll of enchant weapon {unknown}
Potions
 d - a potion of might
 e - a potion of flight {unknown}
 h - 5 potions of curing {unknown}
 n - a potion of heal wounds {unknown}
 p - a potion of brilliance {unknown}
 r - 3 potions of agility {unknown}
 s - a potion of lignification {unknown}
 t - 2 potions of ambrosia {unknown}
 v - 2 potions of mutation {unknown}
 z - a potion of degeneration {unknown}
Comestibles
 f - 3 bread rations
 i - 2 meat rations
 j - 3 fruits
 q - a beef jerky
 C - 4 chunks of flesh


   Skills:
 - Level 3.2 Fighting
 + Level 6.6 Axes
 - Level 3.2 Armour
 - Level 3.6 Shields


You had 5 spell levels left.
You didn't know any spells.

Dungeon Overview and Level Annotations

Branches:
Dungeon (5/15)
 Temple: D:4-7

Altars:
Cheibriados

Annotations:
D:5 Eustachio


Innate Abilities, Weirdness & Mutations

You are under a permanent stasis effect.
You can dig through walls and to a lower floor.
Your four strong arms can wield two-handed weapons with a shield.
You have a pair of large antennae on your head. (SInv)


Message History

Eustachio is severely wounded.
You barely miss the bat. You miss the quasit. You barely miss the bat.
The quasit disappears in a puff of smoke!
You block the bat's attack. The bat barely misses you.
You block the bat's attack. The bat hits you but does no damage.
Eustachio mumbles some strange words.
Eustachio blinks!
Unknown command.
You block the bat's attack. The bat closely misses you.
The bat hits you but does no damage.
You hit the bat.
The bat is severely wounded.
You slash the bat!
You kill the bat!
The bat's corpse disappears in a puff of smoke!
The bat hits you but does no damage. x2
Unknown command.
The bat barely misses you. The bat closely misses you.
Eustachio hits you but does no damage.
You are electrocuted!
You die...

#.# #.# #.# .## #.#
# ..# ###.# ..
#.#.#..######...
#.#......#....# ##
#....†..@...#.##
#...##.#....@.......
#.....#.bb.[.#.## {
#.........![.#
#.?#.####.###.#
....#<.....# .#
............... .
............... .
.####.########. #.
#. .#


You could see Eustachio and 2 bats.

Vanquished Creatures
  A phantom (D:4)
  A scorpion (D:5)
  A bullfrog skeleton (D:5)
  A centaur skeleton (D:4)
  Jessica (D:2)
  3 gnolls (D:4)
  A worm (D:3)
  2 dart slugs
  3 leopard geckos
  4 orcs (D:4)
  12 bats
  2 giant cockroaches
  7 goblins
  7 hobgoblins
  7 frilled lizards
  7 kobolds
  6 rats
66 creatures vanquished.

Notes
Turn   | Place    | Note
-------+----------+-------------------------------------------
     0 | D:1      | ChaseSP the Formicid Fighter began the quest for the Orb.
     0 | D:1      | Reached XP level 1. HP: 18/18 MP: 1/1
   153 | D:1      | Reached XP level 2. HP: 24/24 MP: 2/2
   205 | D:1      | Reached skill level 3 in Axes
   327 | D:1      | Reached XP level 3. HP: 11/29 MP: 3/3
   834 | D:2      | Noticed Jessica
   848 | D:2      | Killed Jessica
   848 | D:2      | Reached skill level 4 in Axes
   848 | D:2      | Reached XP level 4. HP: 28/35 MP: 4/4
  1231 | D:3      | Found a faded altar of an unknown god.
  1351 | D:3      | Found a snail-covered altar of Cheibriados.
  1816 | D:4      | Reached XP level 5. HP: 33/41 MP: 5/5
  1829 | D:4      | Reached skill level 5 in Axes
  1958 | D:4      | Noticed a phantom
  1979 | D:4      | Killed a phantom
  1979 | D:4      | Reached XP level 6. HP: 26/47 MP: 6/6
  2495 | D:4      | Reached skill level 6 in Axes
  2756 | D:5      | Entered Level 5 of the Dungeon
  2756 | D:5      | Noticed Eustachio
  2789 | D:5      | Slain by Eustachio

Skill      XL: |  1  2  3  4  5  6 |
---------------+-------------------+-----
Axes           | 3 4 5 6 |  6.6
Fighting       | |  3.2
Armour         | |  3.2
Shields        | |  3.6

Action                   |  1- 3 |  4- 6 || total
-------------------------+-------+-------++-------
Melee: War axe           |    84 |   143 ||   227
 Abil: Dig               |       |     3 ||     3
  Use: Potion            |       |     1 ||     1
  Eat: Chunk             |       |     6 ||     6
Armor: Scale mail        |    34 |    29 ||    63
       Chain mail        |       |   102 ||   102
Dodge: Dodged            |    30 |    59 ||    89
Block: Shield            |    51 |   101 ||   152
